 Dungeon Crawl Stone Soup version 0.30.0-10-gfe55d96785 (webtiles) character file.

Game seed: 7651581103515403583

37 monsoonserge the Trooper (level 3, -1/40 HPs)
             Began as an Ogre Cinder Acolyte on May 14, 2023.
             Was a High Priest of Ignis.
             Succumbed to an adder's poison
             ... on level 2 of the Dungeon.
             The game lasted 00:02:58 (638 turns).

monsoonserge the Trooper (Ogre Cinder Acolyte)       Turns: 638, Time: 00:02:59

Health: -1/40      AC:  3    Str: 20    XL:     3   Next: 39%
Magic:  4/4        EV:  7    Int: 15    God:    Ignis [*****.]
Gold:   55         SH:  5    Dex:  4    Spells: 4/4 levels left

rFire   + . .        a - -1 mace (flame)
rCold   . . .        f - +0 kite shield
rNeg    . . .        b - +0 robe
rPois   +            (helmet restricted)
rElec   .            (no cloak)
rCorr   .            (gloves unavailable)
SInv    +            (boots unavailable)
Will    .....        (no amulet)
Stlth   +            (no ring)
HPRegen 0.26/turn    (no ring)
MPRegen 0.09/turn

%: no passive effects
@: lethally poisoned (-1 -> -8)
A: large, unfitting armour, tough skin 1, hooves 1, see invisible, poison
resistance
a: Renounce Religion, Fiery Armour, Foxfire Swarm, Rising Flame


You were on level 2 of the Dungeon.
You worshipped Ignis.
Ignis was extremely pleased with you.
You visited 1 branch of the dungeon, and saw 2 of its levels.

You collected 55 gold pieces.

Inventory:

Hand Weapons
 a - a -1 mace of flaming (weapon)
Armour
 b - a +0 robe (worn)
 f - a +0 kite shield (worn)
 g - the +0 robe "Heleg" {Harm rPois Str-5 Int+2 SInv}
   (You found it on level 2 of the Dungeon)

   Str:       It affects your strength (-5).
   Int:       It affects your intelligence (+2).
   rPois:     It protects you from poison.
   SInv:      It lets you see invisible.
   Harm:      It increases damage dealt and taken.
Magical Staves
 h - a staff of cold
Scrolls
 e - a scroll of identify {unknown}
Potions
 c - 2 potions of mutation
 d - a potion of attraction {unknown}
 i - a potion of degeneration {unknown}


   Skills:
 + Level 4.3 Fighting
 * Level 0.5(2.2) Axes
 + Level 3.1(3.2) Maces & Flails
 * Level 0.8(2.3) Staves
 + Level 0.3 Dodging
 + Level 1.2 Spellcasting
 + Level 3.0 Fire Magic


You had 4 spell levels left.
You didn't know any spells.
Your spell library contained the following spells:

 Spells                   Type           Power      Damage    Failure   Level
 Scorch                   Fire           20%        2d6       28%         2
 Passage of Golubria      Tloc           0%         N/A       100%        4
 Silence                  Hex/Air        0%         N/A       100%        5
 Lehudib's Crystal Spear  Conj/Erth      0%         10d2      100%        8


Dungeon Overview and Level Annotations

Branches:
Dungeon (2/15)

Altars:

Shops:
D:2 [


Innate Abilities, Weirdness & Mutations

You are too large for most types of armour.
You have tough skin. (AC +1)
You have large cloven feet.
You have supernaturally acute eyesight. (SInv)
Your system is resistant to poisons. (rPois)


Message History

You feel sick. The adder bites you.
You are more poisoned.
The adder poisons you! The adder bites you.
You are more poisoned.
The adder poisons you!
You hit the adder. You burn the adder.
The adder is almost dead.
You feel very sick. You block the adder's attack. The adder bites you.
You are more poisoned.
The adder poisons you!
You miss the adder.
The adder is almost dead.
You feel very sick. The adder bites you.
You are lethally poisoned!
The adder poisons you!
You are too injured to fight recklessly!
You are too injured to fight recklessly!
You closely miss the adder.
The adder is almost dead.
* * * LOW HITPOINT WARNING * * *
You feel very sick. The adder barely misses you. You block the adder's attack.
You barely miss the adder.
The adder is almost dead.
* * * LOW HITPOINT WARNING * * *
You feel very sick. The adder bites you but does no damage.
The adder bites you.
* * * LOW HITPOINT WARNING * * *
You closely miss the adder.
The adder is almost dead.
* * * LOW HITPOINT WARNING * * *
You feel very sick. The adder bites you but does no damage.
The adder bites you.
* * * LOW HITPOINT WARNING * * *
It was a potion of mutation.
You feel extremely strange.
You feel resistant to poisons.
Your vision sharpens.
Your feet thicken and deform.
You die...

### #....# #.# #....#
#.# ##....# #..
#.....# #.# # #.....#
#†# #.#.....# #.#
#.#.....# #.#
#...@S.# #.#
###.###############.#
#.# #...........#
#.#####.#########.#
#.....#.# #.#
#.###.#.# #.# ###
#.#.#### ### #.#....#
#.####.#


You could see an adder.

Vanquished Creatures
  2 worms (D:2)
  2 dart slugs
  6 bats
  4 endoplasms (D:1)
  A goblin (D:1)
  A hobgoblin (D:1)
  A kobold (D:1)
  2 quokkas
  2 frilled lizards
  5 rats
26 creatures vanquished.

Notes
Turn   | Place    | Note
-------+----------+-------------------------------------------
     0 | D:1      | monsoonserge the Ogre Cinder Acolyte began the quest for
                  | the Orb.
     0 | D:1      | Reached XP level 1. HP: 24/24 MP: 2/2
    93 | D:1      | Reached XP level 2. HP: 32/32 MP: 3/3
   325 | D:2      | Reached XP level 3. HP: 39/39 MP: 4/4
   366 | D:2      | Identified the +0 robe "Heleg" {Harm rPois Str-5 Int+2
                  | SInv}
   426 | D:2      | Found Ohoaprar's Armour Emporium.
   637 | D:2      | HP: 1/40 [adder (4)]
   638 | D:2      | Gained mutation: Your system is resistant to poisons.
                  | (rPois) [potion of mutation]
   638 | D:2      | Gained mutation: You have supernaturally acute eyesight.
                  | (SInv) [potion of mutation]
   638 | D:2      | Gained mutation: You have large cloven feet. [potion of
                  | mutation]
   638 | D:2      | Succumbed to an adder's poison

Illustrated notes

Levels and vault maps discovered:
D:1:      psy_arrival_radial02, layout_rooms, minmay_pentomino_z4
D:2:      layout_basic, serial_shops, shop, nicolae_figureground_pulse

Skill      XL: |  1  2 |
---------------+-------+-----
Fire Magic     | 3 |  3.0
Maces & Flails | 3 |  3.1
Fighting       | |  4.3
Axes           | |  0.5
Staves         | |  0.8
Dodging        | |  0.3
Spellcasting   | |  1.2

Action                     || total
---------------------------++-------
  Melee: Mace              ||    95
         Punch             ||     1
    Use: Potion            ||     1
 Armour: Robe              ||    34
  Dodge: Dodged            ||    41
  Block: Kite shield       ||    12
